 Dungeon Crawl Stone Soup version 0.31-a0-18-gea43df2a32 (webtiles) character file.

Game seed: 3845446041110584079

375 scionoferis the Slasher (level 7, -3/50 HPs)
             Began as a Djinni Warper on May 12, 2023.
             Slain by an ice beast (15 damage)
             ... on level 4 of the Dungeon.
             The game lasted 00:10:53 (3038 turns).

scionoferis the Slasher (Djinni Warper)             Turns: 3038, Time: 00:10:54

Health: -3/50      AC:  3    Str: 10    XL:     7   Next: 3%
Gold:   33         EV: 11    Int: 17    God:
                   SH:  0    Dex: 12

rFire   + + .        a - +0 falchion
rCold   x . .        (no shield)
rNeg    . . .        b - +0 leather armour
rPois   ∞            (no helmet)
rElec   .            (no cloak)
rCorr   .            (no gloves)
SInv    .            (boots unavailable)
Will    .....        (no amulet)
Stlth   ++           (no ring)
HPRegen 0.28/turn    (no ring)
MPRegen 0.00/turn

%: infuse magic (-4 HP)
@: flying
A: sickness immunity, fire resistance 2, cold vulnerability 1, float, innate
caster, HP casting, extra vitality 1
a: no special abilities


You were on level 4 of the Dungeon.
You visited 1 branch of the dungeon, and saw 4 of its levels.

You collected 96 gold pieces.
You spent 63 gold pieces at shops.


Innate Abilities, Weirdness & Mutations

You are immune to sickness and miasma.
You are immune to poison.
Your flesh is very heat resistant. (rF++)
You are vulnerable to cold. (rC-)
You float through the air rather than walking.
You learn spells naturally, not from books.
Your magical power is your life essence.
You have superior vitality. (+4 MHP)


   Skills:
 + Level 3.2 Fighting
 * Level 3.9 Long Blades
 - Level 0.7 Throwing
 - Level 1.0 Armour
 - Level 2.1 Dodging
 + Level 2.1 Stealth
 * Level 3.7 Spellcasting


You knew the following spells:

 Your Spells              Type           Power      Damage    Failure   Level
a - Blink                 Tloc           32%        N/A       7%          2
b - Lesser Beckoning      Tloc           32%        N/A       7%          2
c - Vhi's Electric Charg  Tloc/Air       32%        N/A       14%         3
d - Teleport Other        Tloc           16%        N/A       14%         3
e - Manifold Assault      Tloc           16%        N/A       43%         4
f - Necrotise             Necr           64%        1d7       4%          1
g - Searing Ray           Conj           32%        2d5       7%          2
h - Inner Flame           Hex/Fire       16%        N/A       14%         3
Your spell library was empty.

Inventory:

Hand Weapons
 a - a +0 falchion (weapon)
 n - a +1 dagger of flaming
   (You took it off a kobold on level 2 of the Dungeon)
Missiles
 d - 6 boomerangs of dispersal
 h - 3 curare-tipped darts
 p - 9 poisoned darts
 v - 2 throwing nets
Armour
 b - a +0 leather armour (worn)
Scrolls
 i - 3 scrolls of identify {unknown}
 j - a scroll of summoning {unknown}
 k - 2 scrolls of poison {unknown}
 m - a scroll of magic mapping {unknown}
 o - 2 scrolls of torment {unknown}
 q - a scroll of immolation {unknown}
 t - a scroll of brand weapon {unknown}
 u - a scroll of fear {unknown}
Potions
 f - 2 potions of might
 l - 2 potions of flight {unknown}
 r - 2 potions of brilliance {unknown}
 s - a potion of degeneration {unknown}

Dungeon Overview and Level Annotations

Branches:
Dungeon (3/15)

Altars:

Shops:
D:3

* ##.......## #....>....#
#.⌠.....⌠.# ##### #.........###
#...# #...⌠.⌠.....# #!..#
#.........#.###### #...#
###.⌠.....⌠.#.##.).#
#...#########.)....>.........#)#
...÷##f.o.o†).##@Y)...†#..####)#
.......##########.)...##....)..#
.....#.#######..########..######
........)......##. #.....#
..##....)......... #.#.#..[# ##
##.####...###. ...#.###(# #[.
###..# ##..... .. ##.# ...#
##.#.. #. ?. ..# #.##.#


You could see an ice beast.


Message History

The giant cockroach attacks as you move away!
The giant cockroach bites you.
You see here a worm corpse.
You closely miss the giant cockroach.
An endoplasm comes into view.
The giant cockroach closely misses you.
You barely miss the giant cockroach.
The giant cockroach bites you but does no damage.
The giant cockroach bites you.
You barely miss the giant cockroach. The giant cockroach bites you.
* * * LOW HITPOINT WARNING * * *
You barely miss the giant cockroach. The giant cockroach bites you.
* * * LOW HITPOINT WARNING * * *
You hit the giant cockroach.
The giant cockroach is lightly wounded.
The giant cockroach closely misses you.
The giant cockroach bites you but does no damage.
You hit the giant cockroach.
The giant cockroach is severely wounded.
The giant cockroach closely misses you.
You closely miss the giant cockroach.
The giant cockroach is severely wounded.
The giant cockroach bites you but does no damage.
The giant cockroach barely misses you.
You barely miss the giant cockroach.
The giant cockroach is severely wounded.
The giant cockroach bites you but does no damage.
You hit the giant cockroach.
The giant cockroach is almost dead.
The giant cockroach misses you.
You hit the giant cockroach.
You kill the giant cockroach!
Found 10 gold pieces.
There is a stone staircase leading up here.
You fly upwards.
There is a stone staircase leading down here.
You start resting.
HP restored.
You fly downwards.
There is a stone staircase leading up here.
You now have 66 gold pieces (gained 10).
You see here a book of Blood.
Found a great mace.
A hobgoblin is nearby!
The hobgoblin shouts!
You hear a shout!
Things that are here:
5 stones; a +0 whip You barely miss the hobgoblin.
The hobgoblin hits you but does no damage.
A kobold comes into view. It is wielding a +0 short sword.
The hobgoblin closely misses you.
You hit the hobgoblin.
The hobgoblin is severely wounded.
The hobgoblin closely misses you.
You hit the hobgoblin but do no damage.
The hobgoblin is severely wounded.
The hobgoblin hits you.
You hit the hobgoblin.
You kill the hobgoblin!
You see here a hobgoblin corpse.
You hit the kobold.
The kobold is severely wounded.
The kobold hits you with a +0 short sword.
You hit the kobold.
You kill the kobold!
No target in view!
A giant cockroach comes into view.
Found a book of Geomancy.
You completely miss the giant cockroach.
The giant cockroach barely misses you.
A kobold comes into view. It is wielding a +1 dagger of flaming.
The giant cockroach bites you but does no damage.
The kobold shouts!
You hit the giant cockroach but do no damage.
The giant cockroach waves its antennae.
The giant cockroach barely misses you.
You barely miss the giant cockroach. The giant cockroach barely misses you.
You slash the giant cockroach!
You kill the giant cockroach!
The endoplasm quivers.
You barely miss the kobold.
The kobold hits you with a +1 dagger of flaming.
You barely miss the kobold.
The kobold hits you with a +1 dagger of flaming.
You hit the kobold.
You kill the kobold!
You see here a +1 dagger of flaming.
n - a +1 dagger of flaming The endoplasm hits you but does no damage.
You hit the endoplasm.
The endoplasm is moderately wounded.
The endoplasm freezes you.
You are frozen.
You feel a terrible chill!
You hit the endoplasm.
The endoplasm is heavily wounded.
The endoplasm misses you.
You hit the endoplasm but do no damage.
The endoplasm is heavily wounded.
The endoplasm hits you but does no damage.
You hit the endoplasm.
You kill the endoplasm!
No target in view!
HP restored.
Found a flail.
o - a scroll labelled NAIQAC XIBUTIRPH You now have 76 gold pieces (gained 10).
Found 2 stones.
A ball python comes into view.
Found a scroll labelled RUHYRA NISCHEC.
Found 6 poisoned darts.
The ball python hisses angrily.
The ball python barely misses you. The ball python grabs you.
The ball python constricts you.
You hit the ball python.
The ball python is severely wounded.
The ball python bites you but does no damage.
The ball python constricts you.
You slash the ball python!
You kill the ball python!
Your Spellcasting skill increases to level 3!
No target in view!
You see here 6 poisoned darts.
p - 6 poisoned darts
q - a scroll labelled RUHYRA NISCHEC
r - 2 sedimented green potions A goblin comes into view.
It is wielding a +0 club.
The goblin shouts!
You hit the goblin.
The goblin is heavily wounded.
The goblin hits you with a +0 club.
You closely miss the goblin.
The goblin is heavily wounded.
The goblin closely misses you.
You hit the goblin.
You kill the goblin!
No target in view!
Things that are here:
a +0 club; a goblin corpse
s - a fizzy green potion A bat comes into view.
The bat hits you but does no damage.
You completely miss the bat. The bat barely misses you.
The bat hits you but does no damage.
You hit the bat.
You kill the bat!
i - 3 scrolls labelled VEYNEM ZEACAM (gained 1)
Found a stone staircase leading down.
Found a stone staircase leading down.
p - 9 poisoned darts (gained 3) Done exploring.
Done exploring.
Search for what [Enter for "d:", or ? for help]? d:
There is a stone staircase leading down here.
Unknown command.
You fly downwards.
Found a silvery potion and 20 gold pieces.
There is a stone staircase leading up here.
e - 2 silvery potions (gained 1)
Found Abeduonu's Assorted Antiques.
You now have 96 gold pieces (gained 20).
A rat comes into view.
A rat is nearby!
A ball python comes into view.
The ball python hisses angrily.
The ball python bites you but does no damage.
The ball python grabs you. The ball python constricts you.
You barely miss the ball python. The ball python bites you.
The ball python constricts you.
You hit the ball python.
You kill the ball python!
You start resting.
A rat is nearby!
You barely miss the rat. The rat bites you but does no damage.
You hit the rat.
You kill the rat!
You start waiting.
Done waiting.
Things that are here:
a rat corpse; a ball python corpse You reach down and open the door.
A goblin comes into view. It is wielding a +0 club.
There is an open translucent door here.
There is an entrance to Abeduonu's Assorted Antiques here.
t - a scroll labelled MIHORPHYCVA;
u - a scroll labelled ZIAPRI GEVEFA
o - 2 scrolls labelled NAIQAC XIBUTIRPH (gained 1) Thank you for shopping at Abeduonu's Assorted Antiques!
Unknown command.
A goblin is nearby!
There is an open translucent door here.
You reach down and open the door.
You reach down and open the door.
There is an open door here.
Found a stone staircase leading up.
There is an open door here.
As you open the door, it creaks loudly! 3 jackals come into view.
The jackal barks!
You hear a shout!
You hear a bark!
A jackal comes into view.
The jackal barely misses you.
The jackal moves out of view.
The jackal attacks as you move away!
The jackal bites you but does no damage.
You slash the jackal!
You kill the jackal!
You swing at nothing.
The jackal misses you.
You barely miss the jackal.
The jackal bites you but does no damage.
A hobgoblin comes into view.
You hit the jackal.
The jackal is moderately wounded.
The jackal completely misses you. The jackal bites you.
You hit the jackal.
The jackal is heavily wounded.
The jackal bites you but does no damage.
The jackal barely misses you.
You hit the jackal.
The jackal is almost dead.
The jackal barely misses you.
You barely miss the jackal.
The jackal is almost dead.
The jackal barely misses you. The jackal bites you.
You hit the jackal.
You kill the jackal!
You closely miss the hobgoblin. The hobgoblin hits you. x2
You hit the hobgoblin.
You kill the hobgoblin!
You swing at nothing.
HP restored.
Things that are here:
a hobgoblin corpse; a jackal corpse A jackal is nearby!
No reachable target in view!
There is an open door here.
The jackal closely misses you.
You completely miss the jackal.
The jackal bites you but does no damage.
The jackal bites you.
You hit the jackal but do no damage.
The jackal bites you but does no damage.
You hit the jackal.
The jackal is moderately wounded.
The jackal bites you but does no damage.
The jackal bites you.
You hit the jackal.
The jackal is almost dead.
The jackal barely misses you.
The jackal bites you but does no damage.
You hit the jackal.
You kill the jackal!
You hit the jackal.
The jackal is heavily wounded.
The jackal misses you.
The jackal bites you but does no damage.
You hit the jackal.
You kill the jackal!
Things that are here:
a jackal corpse; a jackal corpse
Found a stone staircase leading down.
Found a sling.
g - 3 scrolls labelled RIOSUI XEMP (gained 1)
A giant cockroach comes into view.
You closely miss the giant cockroach.
The giant cockroach bites you but does no damage.
You barely miss the giant cockroach. The giant cockroach misses you.
The giant cockroach bites you but does no damage.
You hit the giant cockroach.
The giant cockroach is moderately wounded.
The giant cockroach closely misses you.
You completely miss the giant cockroach.
The giant cockroach is moderately wounded.
The giant cockroach barely misses you.
You hit the giant cockroach.
The giant cockroach is almost dead.
The giant cockroach bites you.
The giant cockroach bites you but does no damage.
You hit the giant cockroach.
You kill the giant cockroach!
No target in view!
There is an open door here.
Things that are here:
a hobgoblin corpse; a jackal corpse You reach down and open the door.
A hobgoblin and a goblin come into view.
The goblin shouts!
You hear a shout!
A gnoll comes into view. It is wielding a +0 spear.
You hear a shout! x2
The gnoll shouts!
A goblin comes into view. It is wielding a +0 dagger.
There is a stone staircase leading up here.
Press: ? - help, v - describe, . - travel
Here: a goblin, wielding a +0 dagger The floor.
Unknown command.
You completely miss the goblin. The goblin hits you with a +0 dagger.
You completely miss the goblin. You completely miss the goblin.
The goblin hits you with a +0 dagger. The hobgoblin hits you.
The goblin misses you.
You fly upwards.
There is a stone staircase leading down here.
You hit the hobgoblin but do no damage. The hobgoblin hits you.
The goblin hits you with a +0 dagger.
You hit the hobgoblin.
The hobgoblin is severely wounded.
The hobgoblin barely misses you. The goblin closely misses you.
You hit the hobgoblin.
You kill the hobgoblin!
The goblin barely misses you. The goblin misses you.
You closely miss the goblin. The goblin hits you with a +0 dagger.
You hit the goblin but do no damage. The goblin hits you but does no damage.
You slash the goblin!
You kill the goblin!
No target in view!
You start resting.
HP restored.
You fly downwards.
The goblin completely misses you. The goblin misses you.
There is a stone staircase leading up here.
You closely miss the goblin. The goblin barely misses you.
You barely miss the goblin. The goblin hits you but does no damage.
The goblin closely misses you.
You fly upwards.
There is a stone staircase leading down here.
You closely miss the goblin. The goblin closely misses you.
You hit the goblin.
You kill the goblin!
No target in view!
No target in view!
You start waiting.
Done waiting.
l - 2 metallic amethyst potions (gained 1)
Things that are here:
a +0 dagger; a +0 robe; a +0 dagger
There is a stone staircase leading down here.
You fly downwards.
The gnoll hits you but does no damage.
There is a stone staircase leading up here.
The gnoll closely misses you.
You barely miss the gnoll. The gnoll closely misses you.
A gnoll comes into view. It is wielding a +0 spear.
You hit the gnoll but do no damage. The gnoll hits you with a +0 spear!
The gnoll barely misses you.
The gnoll throws a throwing net.
The throwing net closely misses you.
The gnoll hits you from afar with a +0 spear.
There is a stone staircase leading up here.
The gnoll hits you with a +0 spear.
There is a stone staircase leading up here.
The gnoll hits you with a +0 spear.
You fly upwards.
There is a stone staircase leading down here.
You closely miss the gnoll. The gnoll hits you with a +0 spear!
* * * LOW HITPOINT WARNING * * *
You are too injured to fight recklessly!
You closely miss the gnoll. The gnoll hits you with a +0 spear.
* * * LOW HITPOINT WARNING * * *
Unknown command.
Unknown command.
Throw: 7 boomerangs (disperse)
Press: ? - help, Q - select action, (/) - cycle Shift-Dir - straight line, f - gnoll
Aim: a gnoll, wielding a +0 spear (61% to hit)
You throw a boomerang of dispersal.
The boomerang of dispersal hits the gnoll and shatters for extra damage.
The gnoll blinks!
The gnoll is heavily wounded.
You see here a +0 short sword.
You see here a +0 ring mail.
You see here a +0 club.
There is a stone staircase leading up here.
The gnoll hits you from afar with a +0 spear.
You fly upwards.
There is a stone staircase leading down here.
You start resting.
HP restored.
You fly downwards.
There is a stone staircase leading up here.
The gnoll hits you from afar with a +0 spear.
The gnoll misses you.
You hit the gnoll.
The gnoll is moderately wounded.
The gnoll closely misses you.
You hit the gnoll.
The gnoll is moderately wounded.
The gnoll hits you with a +0 spear!
You hit the gnoll.
The gnoll is heavily wounded.
The gnoll hits you with a +0 spear!
You barely miss the gnoll.
The gnoll is heavily wounded.
The gnoll hits you with a +0 spear!
* * * LOW HITPOINT WARNING * * *
You hit the gnoll but do no damage.
The gnoll is moderately wounded.
The gnoll hits you with a +0 spear.
* * * LOW HITPOINT WARNING * * *
The gnoll closely misses you. The gnoll attacks as you move away!
The gnoll closely misses you. The gnoll barely misses you.
There is a stone staircase leading up here.
The gnoll hits you from afar with a +0 spear.
* * * LOW HITPOINT WARNING * * *
You fly upwards.
There is a stone staircase leading down here.
You start resting.
HP restored.
Okay, then.
There is a stone staircase leading down here.
You fly downwards.
There is a stone staircase leading up here.
There is a stone staircase leading down here.
You fly downwards.
There is a stone staircase leading up here.
You reach down and open the door.
There is an open door here.
You reach down and open the door.
A kobold comes into view. It is wielding a +0 club.
There is an open door here.
The helpless kobold fails to defend itself.
You hit the kobold but do no damage. The kobold hits you but does no damage.
The kobold hits you with a +0 club.
You hit the kobold.
You kill the kobold!
No target in view!
HP restored.
You see here a +0 club.
You see here a +0 club.
There is an open door here.
There is an open door here.
You see here a +0 club.
There is an open door here.
v - a throwing net A gnoll is nearby!
Unknown command.
A gnoll is nearby!
Press: ? - help, v - describe, . - travel
Here: a gnoll, wielding a +0 spear and quivering a throwing net (wandering, hasn't noticed you)
The floor.
You start waiting.
A gnoll is nearby!
The gnoll misses you.
You completely miss the gnoll. The gnoll hits you with a +0 spear.
You hit the gnoll but do no damage. The gnoll completely misses you.
You barely miss the gnoll. The gnoll completely misses you.
You hit the gnoll.
The gnoll is heavily wounded.
The gnoll closely misses you. x2
You hit the gnoll.
The gnoll is severely wounded.
The gnoll hits you with a +0 spear.
You barely miss the gnoll.
The gnoll is severely wounded.
The gnoll closely misses you.
You hit the gnoll but do no damage.
The gnoll is severely wounded.
The gnoll hits you with a +0 spear.
You hit the gnoll.
The gnoll is almost dead.
The gnoll hits you with a +0 spear.
You closely miss the gnoll.
The gnoll is almost dead.
The gnoll hits you with a +0 spear.
You closely miss the gnoll.
The gnoll is almost dead.
The gnoll hits you with a +0 spear.
You hit the gnoll but do no damage.
The gnoll is almost dead.
The gnoll hits you with a +0 spear. The gnoll misses you.
You slash the gnoll!
You kill the gnoll!
You have reached level 5!
The power to cast Searing Ray wells up from within.
Spell assigned to 'g'.
v - 2 throwing nets (gained 1)
Things that are here:
a +0 spear; a gnoll corpse Unknown command.
You start resting.
HP restored.
A sourceless malevolence fills the Dungeon...
You are sucked into a shaft and drop 1 floor!
The shaft crumbles and collapses.
A quokka and an orc priest come into view.
A ball python and a quokka come into view.
The quokka barely misses you. The quokka bites you.
You miss the quokka. The quokka barely misses you.
You hit the quokka.
The quokka is severely wounded.
The quokka bites you but does no damage.
You closely miss the quokka.
The quokka is severely wounded.
The quokka bites you.
The quokka bites you but does no damage.
You closely miss the quokka.
The quokka is severely wounded.
The quokka closely misses you.
You barely miss the quokka.
The quokka is severely wounded.
The quokka bites you.
You slash the quokka!
You kill the quokka!
You start resting.
A kobold comes into view. It is wielding a +0 dagger.
A dart slug comes into view.
Found a twisted ring mail.
The dart slug launches a dart at you. The slug dart misses you.
A goblin comes into view. It is wielding a +0 club.
An orc priest, an orc and an orc wizard come into view.
The orc priest is wielding a +2 dagger of venom.
The orc priest shouts!
The orc shouts!
The goblin shouts!
The orc moves out of view.
An ice beast comes into view.
The orc priest hits you but does no damage.
The orc wizard mumbles some strange words.
The orc wizard flickers and vanishes!
Deactivating autopickup; reactivate with Ctrl-A.
As you read the scroll labelled RIOSUI XEMP, it crumbles to dust.
You feel strangely unstable.
It was a scroll of teleportation.
The goblin hits you with a +0 club. The goblin closely misses you.
The orc priest attacks as you move away!
The orc priest hits you with a +2 dagger of venom.
The goblin attacks as you move away! The goblin hits you but does no damage.
Your surroundings seem slightly different.
Found 3 poisoned darts.
The orc priest invokes the aid of Beogh against you.
Beogh smites you!
As you read the scroll of teleportation, it crumbles to dust.
You feel strangely unstable.
Found a ring mail.
A ball python comes into view.
Found a whip.
The ball python hisses angrily.
The orc priest casts a cantrip, but nothing happens.
An ogre comes into view. It is wielding a +0 giant club.
Your surroundings seem slightly different.
The ogre moves out of view.
The dart slug launches a dart at you.
The slug dart hits something.
An orc priest comes into view. It is wielding a +0 flail.
A hound comes into view.
As you read the scroll of teleportation, it crumbles to dust.
You feel strangely unstable.
The hound barks!
You hear a shout! x2
An orc comes into view. It is wielding a +0 trident.
Found 9 gold pieces.
The orc shouts!
You hear a shout!
A giant cockroach comes into view.
An orc wizard comes into view. It is wielding a +0 dagger.
Found a scroll labelled VEYNEM ZEACAM.
Found a stone staircase leading down.
Your surroundings suddenly seem different.
Found a robe and 7 stones.
The orc wizard moves out of view.
Found 2 ruby potions. 2 orcs come into view.
Found an escape hatch in the floor.
Found a stone staircase leading down.
Found a spear.
You see here a +0 spear.
You start resting.
An orc is nearby!
You hit the orc.
You kill the orc!
You start resting.
HP restored.
You see here 2 ruby potions.
You see here 2 ruby potions.
f - 3 ruby potions (gained 2)
You see here a +0 spear.
Things that are here:
a +0 whip; a +0 chain mail; an orc corpse The orc shouts!
You hear a shout! x2
An orc comes into view. It is wielding a +0 dagger.
An orc comes into view. It is wielding a +0 club.
Things that are here:
a +0 whip; a +0 chain mail; an orc corpse You see here a +0 spear.
You start waiting.
An orc is nearby!
You hit the orc.
The orc is almost dead.
The orc hits you with a +0 whip. The orc closely misses you.
You hit the orc.
You kill the orc!
Your Long Blades skill increases to level 3!
You hit the orc but do no damage. The orc closely misses you.
You slash the orc!
You kill the orc!
An orc wizard comes into view. It is wielding a +0 dagger.
Things that are here:
a +0 dagger; a +0 whip; a +0 spear You start resting.
An orc wizard is nearby!
You barely miss the orc wizard.
The orc wizard hits you with a +0 dagger.
You hit the orc wizard.
The orc wizard is lightly wounded.
The orc wizard closely misses you.
You barely miss the orc wizard.
The orc wizard is lightly wounded.
The orc wizard gestures at you while chanting.
The magic dart hits you.
You miss the orc wizard.
The orc wizard is lightly wounded.
The orc wizard hits you with a +0 dagger.
You hit the orc wizard.
The orc wizard is moderately wounded.
The orc wizard barely misses you.
You hit the orc wizard.
The orc wizard is moderately wounded.
The orc wizard hits you with a +0 dagger.
The orc wizard gestures at you while chanting.
You are confused.
You bump into the rock wall.
The orc wizard misses you.
It was a potion of might.
You feel very mighty all of a sudden.
The orc wizard hits you with a +0 dagger.
You're too confused to move!
The orc wizard closely misses you.
You bump into the rock wall.
The orc wizard barely misses you.
You closely miss the orc wizard.
The orc wizard is moderately wounded.
You feel less confused. The orc wizard closely misses you.
You hit the orc wizard.
The orc wizard is severely wounded.
The orc wizard hits you with a +0 dagger.
You slash the orc wizard!
You kill the orc wizard!
You start resting.
An orc comes into view. It is wielding a +0 club.
Things that are here:
a +0 dagger; a +0 robe The orc shouts!
You barely miss the orc. The orc closely misses you.
You hit the orc.
You kill the orc!
Things that are here:
a +0 dagger; a +0 robe
Things that are here:
a +0 dagger; a +0 whip; a +0 spear You start resting.
HP restored.
Things that are here:
a +0 whip; a +0 chain mail; an orc corpse You feel a little less mighty now.
There is a fountain of clear blue water here.
Aiming: Searing Ray (safe; 10% risk of failure)
Press: ? - help, Q - select action, (/) - cycle Shift-Dir - straight line, f - orc
Aim: an orc, wielding a +0 club (wandering, hasn't noticed you, 76% to hit)
The searing ray hits the orc!
You kill the orc! (Press . to maintain the ray.)
You start resting.
HP restored.
Found a scale mail.
Found a scroll of teleportation.
A hound comes into view.
Found a sedimented green potion and a scroll labelled MIHORPHYCVA.
The hound barks!
You barely miss the hound. The hound barely misses you. The hound bites you.
Aiming: Searing Ray (safe; 10% risk of failure)
Press: ? - help, Q - select action, (/) - cycle Shift-Dir - straight line, f - hound
Aim: a hound (67% to hit)
You miscast Searing Ray.
You are very lightly contaminated with residual magic.
Nothing appears to happen.
The hound bites you. The hound closely misses you. The hound bites you.
The hound bites you. The hound barely misses you.
Aiming: Searing Ray (safe; 10% risk of failure)
Press: ? - help, Q - select action, (/) - cycle Shift-Dir - straight line, f/p - hound
Aim: a hound (67% to hit)
The searing ray misses the hound. (Press . to maintain the ray.)
The hound barely misses you.
The searing ray hits the hound.
The hound is lightly wounded.
The hound barely misses you. The hound bites you.
The searing ray hits the hound.
The hound is moderately wounded.
The hound bites you.
The searing ray misses the hound.
You finish channelling your searing ray.
The hound stops to sniff the ground.
The hound closely misses you. The hound bites you.
* * * LOW HITPOINT WARNING * * *
It was a potion of heal wounds.
You feel much better. The hound bites you.
Your magical contamination has completely faded away.
You closely miss the hound.
The hound is moderately wounded.
The hound barely misses you. The hound bites you.
You hit the hound.
The hound is heavily wounded.
The hound bites you. x2
You miss the hound.
The hound is heavily wounded.
The hound bites you but does no damage.
You hit the hound.
The hound is severely wounded.
The hound barely misses you. The hound bites you.
You barely miss the hound.
The hound is severely wounded.
The hound barely misses you. The hound bites you.
You miss the hound.
The hound is severely wounded.
The hound barely misses you. The hound bites you but does no damage.
You closely miss the hound.
The hound is severely wounded.
The hound barely misses you. The hound bites you.
You closely miss the hound.
The hound is heavily wounded.
The hound bites you.
You hit the hound.
The hound is severely wounded.
The hound completely misses you. The hound closely misses you.
Unknown command.
You hit the hound.
You kill the hound!
You see here a hound corpse.
You start resting.
A ball python is nearby!
A ball python is nearby!
A ball python is nearby!
The ball python bites you but does no damage.
The ball python grabs you. The ball python constricts you.
You hit the ball python.
You kill the ball python!
You start resting.
A hound is nearby!
You see here a ball python corpse.
A hound is nearby!
The hound barks!
Aiming: Searing Ray (safe; 9% risk of failure)
Press: ? - help, Q - select action, (/) - cycle Shift-Dir - straight line, f - hound
Aim: a hound (67% to hit)
You miscast Searing Ray.
You are very lightly contaminated with residual magic.
Nothing appears to happen.
Aiming: Searing Ray (safe; 9% risk of failure)
Press: ? - help, Q - select action, (/) - cycle Shift-Dir - straight line, f/p - hound
Aim: a hound (67% to hit)
The searing ray hits the hound!
The hound is heavily wounded. (Press . to maintain the ray.)
The hound closely misses you.
The searing ray hits the hound.
The hound is severely wounded.
The hound bites you.
The searing ray hits the hound!
You kill the hound!
You have reached level 6!
You start resting.
Your magical contamination has completely faded away.
You start resting.
An orc priest is nearby!
Aiming: Searing Ray (safe; 9% risk of failure)
Press: ? - help, Q - select action, (/) - cycle Shift-Dir - straight line, f - you
Okay, then.
The orc priest shouts!
The orc priest miscasts a cantrip.
The orc priest invokes the aid of Beogh against you.
Beogh smites you!
You start resting.
An orc priest is nearby!
Aiming: Searing Ray (safe; 9% risk of failure)
Press: ? - help, Q - select action, (/) - cycle Shift-Dir - straight line, f - orc priest
Aim: an orc priest, wielding a +2 dagger of venom (76% to hit)
The searing ray hits the orc priest.
The orc priest is moderately wounded. (Press . to maintain the ray.)
The searing ray hits the orc priest.
The orc priest is severely wounded.
The searing ray hits the orc priest!
You kill the orc priest!
Your Fighting skill increases to level 3!
You start resting.
An orc wizard is nearby!
Things that are here:
a +2 dagger of venom; a scroll labelled GIEHYVYBRE The orc wizard shouts!
You start resting.
An orc wizard is nearby!
Aiming: Searing Ray (safe; 9% risk of failure)
Press: ? - help, Q - select action, (/) - cycle Shift-Dir - straight line, f - you
Okay, then.
The orc wizard points at you and mumbles some strange words.
You resist with some effort.
Aiming: Searing Ray (safe; 9% risk of failure)
Press: ? - help, Q - select action, (/) - cycle Shift-Dir - straight line, f - orc wizard
Aim: an orc wizard, wielding a +0 dagger and wearing a +0 robe (70% to hit)
The searing ray hits the orc wizard.
The orc wizard is heavily wounded. (Press . to maintain the ray.)
The searing ray misses the orc wizard.
The searing ray hits the orc wizard.
The orc wizard is heavily wounded.
You finish channelling your searing ray.
Aiming: Searing Ray (safe; 9% risk of failure)
Press: ? - help, Q - select action, (/) - cycle Shift-Dir - straight line, f/p - orc wizard
Aim: an orc wizard, wielding a +0 dagger and wearing a +0 robe (heavily wounded, 70% to hit)
The searing ray hits the orc wizard.
The orc wizard is almost dead. (Press . to maintain the ray.)
The orc wizard gestures at you while chanting.
The puff of flame hits you. You resist.
The searing ray misses the orc wizard.
The orc wizard casts a spell at you. The magic dart hits you.
The searing ray misses the orc wizard.
The searing ray hits the orc wizard!
You kill the orc wizard!
You finish channelling your searing ray.
You start resting.
An orc is nearby!
The orc shouts!
You hear a shout!
An orc comes into view. It is wielding a +0 dagger.
You see here a ball python corpse.
You see here a hound corpse.
Aiming: Searing Ray (safe; 8% risk of failure)
Press: ? - help, Q - select action, (/) - cycle Shift-Dir - straight line, f - orc
Aim: an orc, wielding a +0 trident (76% to hit)
The searing ray hits the orc!
You kill the orc! (Press . to maintain the ray.)
You start resting.
An orc comes into view. It is wielding a +0 club.
The orc shouts!
Unknown command.
The orc shouts!
The orc priest shouts!
The orc priest miscasts a cantrip.
Aiming: Searing Ray (safe; 8% risk of failure)
Press: ? - help, Q - select action, (/) - cycle Shift-Dir - straight line, f - orc priest
Aim: an orc priest, wielding a +0 dagger and wearing a +0 leather armour (76% to hit)
The searing ray hits the orc priest.
The orc priest is moderately wounded. (Press . to maintain the ray.)
The searing ray hits the orc priest.
The orc priest is severely wounded.
The searing ray hits the orc priest!
You kill the orc priest!
Items here: ) ? [ †.
The orc attacks as you move away! The orc hits you with a +0 club.
The orc attacks as you move away! The orc barely misses you.
The orc attacks as you move away! The orc closely misses you.
A sleepcap comes into view.
Aiming: Searing Ray (safe; 8% risk of failure)
Press: ? - help, Q - select action, (/) - cycle Shift-Dir - straight line, f - orc priest
Aim: an orc priest, wielding a +0 flail (76% to hit)
The searing ray hits the orc.
The orc is severely wounded.
The searing ray hits the orc!
You kill the orc!
The searing ray hits the orc priest!
The orc priest is severely wounded. (Press . to maintain the ray.)
The searing ray hits the orc priest.
You kill the orc priest!
The orc closely misses you. The orc hits you but does no damage.
The orc attacks as you move away! The orc closely misses you.
Items here: ) ? [ †.
The orc wizard casts a spell at you. You resist with some effort.
Aiming: Searing Ray (safe; 8% risk of failure)
Press: ? - help, Q - select action, (/) - cycle Shift-Dir - straight line The searing ray hits the orc wizard.
The orc wizard is moderately wounded. (Press . to maintain the ray.)
The orc hits you with a +0 club.
The searing ray misses the orc wizard.
The orc wizard closely misses you. The orc barely misses you.
The searing ray hits the orc wizard.
The orc wizard is severely wounded.
The orc barely misses you. The orc wizard closely misses you.
The searing ray hits the orc wizard.
The orc wizard is almost dead.
You finish channelling your searing ray.
The orc hits you but does no damage.
The orc wizard points at you and mumbles some strange words.
The magic dart hits you!
* * * LOW HITPOINT WARNING * * *
Aiming: Searing Ray (safe; 8% risk of failure)
Press: ? - help, Q - select action, (/) - cycle Shift-Dir - straight line, f - orc wizard
Aim: an orc wizard, wielding a +0 dagger and wearing a +0 robe (almost dead, 70% to hit)
The searing ray hits the orc wizard but does no damage.
The orc wizard is almost dead. (Press . to maintain the ray.)
* * * LOW HITPOINT WARNING * * *
The orc hits you with a +0 club.
* * * LOW HITPOINT WARNING * * *
The orc wizard points at you and mumbles some strange words.
The magic dart hits you.
* * * LOW HITPOINT WARNING * * *
Blink to where?
Press: ? - help, Dir - move target, p - orc wizard
As you read the scroll of blinking, it crumbles to dust.
Things that are here:
a +2 dagger of venom; a scroll labelled GIEHYVYBRE
Okay, then.
A ball python comes into view.
You see here a +0 club.
You feel much better.
The ball python hisses angrily.
The orc wizard casts a spell at you. The magic dart hits you.
Aiming: Searing Ray (safe; 8% risk of failure)
Press: ? - help, Q - select action, (/) - cycle Shift-Dir - straight line, f - ball python
Aim: a ball python (73% to hit)
The searing ray hits the ball python!
You kill the ball python! (Press . to maintain the ray.)
Your Stealth skill increases to level 2!
Restarting spell: Searing Ray (safe; 8% risk of failure)
Press: ? - help, Q - select action, (/) - cycle Shift-Dir - straight line, f - orc wizard
Aim: an orc wizard, wielding a +0 dagger and wearing a +0 robe (almost dead, 70% to hit)
The searing ray hits the orc wizard!
You kill the orc wizard! (Press . to maintain the ray.)
The searing ray hits the orc.
You kill the orc!
The orc barely misses you.
You closely miss the orc. The orc completely misses you.
You barely miss the orc. The orc hits you with a +0 dagger.
You hit the orc.
The orc is lightly wounded.
The orc misses you.
You hit the orc but do no damage.
The orc is lightly wounded.
The orc hits you with a +0 dagger. The sleepcap completely misses you.
The orc hits you but does no damage.
You barely miss the orc.
The orc is lightly wounded.
The sleepcap closely misses you. The orc hits you but does no damage.
Aiming: Searing Ray (safe; 7% risk of failure)
Press: ? - help, Q - select action, (/) - cycle Shift-Dir - straight line, f - sleepcap
Aim: a sleepcap (100% to hit)
The searing ray hits the sleepcap.
The sleepcap is lightly damaged. (Press . to maintain the ray.)
The sleepcap releases spores at you but does no damage.
The orc hits you but does no damage.
The searing ray hits the sleepcap but does no damage.
The sleepcap is lightly damaged.
The sleepcap completely misses you. The orc hits you but does no damage.
The searing ray hits the sleepcap.
The sleepcap is moderately damaged.
The sleepcap barely misses you. The orc closely misses you.
The searing ray hits the sleepcap.
The sleepcap is heavily damaged.
You finish channelling your searing ray.
The sleepcap barely misses you. The orc barely misses you.
Aiming: Searing Ray (safe; 7% risk of failure)
Press: ? - help, Q - select action, (/) - cycle Shift-Dir - straight line, f/p - sleepcap
Aim: a sleepcap (heavily damaged, 100% to hit)
The searing ray hits the sleepcap.
The sleepcap is heavily damaged. (Press . to maintain the ray.)
The sleepcap closely misses you. The orc closely misses you.
The searing ray hits the sleepcap.
The sleepcap is severely damaged.
The sleepcap closely misses you. The orc closely misses you.
The searing ray hits the sleepcap.
The sleepcap is severely damaged.
* * * LOW HITPOINT WARNING * * *
The sleepcap barely misses you. The orc hits you with a +0 dagger.
* * * LOW HITPOINT WARNING * * *
The searing ray hits the sleepcap!
You destroy the sleepcap!
* * * LOW HITPOINT WARNING * * *
You finish channelling your searing ray.
The orc hits you but does no damage.
You have reached level 7!
The power to cast Inner Flame wells up from within.
Spell assigned to 'h'.
Aiming: Searing Ray (safe; 7% risk of failure)
Press: ? - help, Q - select action, (/) - cycle Shift-Dir - straight line, f - orc
Aim: an orc, wielding a +0 dagger and wearing a +0 leather armour (lightly wounded, 78% to hit)
The searing ray hits the orc!
You kill the orc! (Press . to maintain the ray.)
* * * LOW HITPOINT WARNING * * *
You start resting.
An ice beast is nearby!
Things that are here:
a +2 dagger of venom; a scroll labelled GIEHYVYBRE
Aiming: Searing Ray (safe; 7% risk of failure)
Press: ? - help, Q - select action, (/) - cycle Shift-Dir - straight line, f - you
Okay, then.
Aiming: Searing Ray (safe; 7% risk of failure)
Press: ? - help, Q - select action, (/) - cycle Shift-Dir - straight line, f - ice beast
Aim: an ice beast (78% to hit)
The searing ray hits the ice beast but does no damage. (Press . to maintain the ray.) Unknown command.
The searing ray hits the ice beast.
The ice beast is lightly wounded.
The searing ray hits the ice beast.
The ice beast is moderately wounded.
The searing ray hits the ice beast.
The ice beast is heavily wounded.
* * * LOW HITPOINT WARNING * * *
You finish channelling your searing ray.
The ice beast hits you.
* * * LOW HITPOINT WARNING * * *
The ice beast freezes you!
You feel a terrible chill!
You die...

Skill      XL: |  1  2  3  4  5  6 |
---------------+-------------------+-----
Long Blades    | 2 3 |  3.9
Stealth        | 1 2 |  2.1
Spellcasting   | 3 |  3.7
Fighting       | 3 |  3.2
Throwing       | |  0.7
Armour         | |  1.0
Dodging        | |  2.1

Action                     |  1- 3 |  4- 6 |  7- 9 || total
---------------------------+-------+-------+-------++-------
  Melee: Falchion          |    94 |   162 |       ||   256
  Throw: Boomerang         |       |     1 |       ||     1
   Cast: Necrotise         |     1 |     8 |       ||     9
         Searing Ray       |       |    15 |     2 ||    17
    Use: Scroll            |       |     4 |       ||     4
         Potion            |       |     3 |       ||     3
   Stab: Sleeping          |       |     1 |       ||     1
 Armour: Leather armour    |    26 |    50 |       ||    76
  Dodge: Dodged            |    67 |   121 |       ||   188

Levels and vault maps discovered:
D:1:      minmay_arrival_shoal_huts, layout_loops_ring,
          shapermc_ecumenical_altar_pompeii, minivault_11
D:2:      layout_rooms
D:3:      layout_basic, zin_academy, serial_shops, nicolae_shop_tiny_glass,
          minmay_gold_behind_fungi, grunt_ministairs_11
D:4:      layout_rooms, grunt_qazlal_clouds, chequers_serial_rivers_small_3,
          grunt_ministairs_10

Notes
Turn   | Place    | Note
-------+----------+-------------------------------------------
     0 | D:1      | scionoferis the Djinni Warper began the quest for the Orb.
     0 | D:1      | scionoferis set off with the following spells memorised:
                  | Blink, Lesser Beckoning, Vhi's Electric Charge, Teleport
                  | Other, Manifold Assault.
     0 | D:1      | Reached XP level 1. HP: 18/18 MP: 0/0
    79 | D:1      | Reached skill level 2 in Long Blades
    82 | D:1      | Reached XP level 2. HP: 22/23 MP: 0/0
   108 | D:1      | Found a faded altar of an unknown god.
   440 | D:1      | Reached XP level 3. HP: 23/28 MP: 0/0
   440 | D:1      | Learned a level 1 spell: Necrotise
   741 | D:2      | Reached skill level 1 in Stealth
   742 | D:2      | Reached XP level 4. HP: 25/34 MP: 0/0
  1275 | D:2      | Reached skill level 3 in Spellcasting
  1477 | D:3      | Found Abeduonu's Assorted Antiques.
  1594 | D:3      | Bought a scroll labelled MIHORPHYCVA for 21 gold pieces
  1594 | D:3      | Bought a scroll labelled ZIAPRI GEVEFA for 21 gold pieces
  1594 | D:3      | Bought a scroll labelled NAIQAC XIBUTIRPH for 21 gold
                  | pieces
  2107 | D:2      | HP: 1/34 [gnoll/+0 spear (4)]
  2342 | D:3      | Reached XP level 5. HP: 15/39 MP: 0/0
  2342 | D:3      | Learned a level 2 spell: Searing Ray
  2453 | D:3      | You are sucked into a shaft and drop 1 floor!
  2508 | D:4      | Noticed an ice beast
  2518 | D:4      | Noticed an ogre
  2617 | D:4      | Reached skill level 3 in Long Blades
  2807 | D:4      | Reached XP level 6. HP: 26/45 MP: 0/0
  2892 | D:4      | Reached skill level 3 in Fighting
  2979 | D:4      | HP: 2/46 [orc wizard/magic dart (6)]
  2986 | D:4      | Reached skill level 2 in Stealth
  3001 | D:4      | Reached XP level 7. HP: 12/50 MP: 0/0
  3001 | D:4      | Learned a level 3 spell: Inner Flame
  3038 | D:4      | Slain by an ice beast

Vanquished Creatures
  3 orc priests (D:4)
  2 hounds (D:4)
  A sleepcap (D:4)
  3 orc wizards (D:4)
  A gnoll (D:3)
  3 adders (D:2)
  A worm (D:2)
  9 orcs (D:4)
  9 ball pythons (D:1 D:2 D:3 D:4)
  6 endoplasms (D:1 D:2)
  6 giant cockroaches (D:1 D:2 D:3)
  6 goblins (D:1 D:2)
  7 hobgoblins (D:1 D:2 D:3)
  4 jackals (D:3)
  2 quokkas (D:1 D:4)
  3 bats (D:1 D:2)
  2 frilled lizards (D:1 D:2)
  8 kobolds (D:1 D:2 D:3)
  4 rats (D:1 D:2 D:3)
80 creatures vanquished.

Vanquished Creatures (others)
  A giant cockroach (D:4)
  A quokka (D:4)
2 creatures vanquished.

Grand Total: 82 creatures vanquished

Table legend: (Time is in decaauts)
 A = Elapsed time spent in this place.
 B = Non-inter-level travel time spent in this place.
 C = Inter-level travel time spent in this place.
 D = Time resting spent in this place.
 E = Time spent auto-exploring this place.
 F = Levels seen in this place.
 G = Mean time per level.
                   A        B        C        D        E       F      G
               +--------+--------+--------+--------+--------+-----+--------+
         Total |   3086 |   3045 |     41 |    983 |   1188 |   4 |  771.5 |
       Dungeon |   3086 |   3045 |     41 |    983 |   1188 |   4 |  771.5 |
               +--------+--------+--------+--------+--------+-----+--------+

Top non-repeatable levels by time:
     D:1: 1080 daAuts
     D:2: 859 daAuts
     D:4: 590 daAuts
     D:3: 557 daAuts

Table legend:
 A = Non-vault XP
 B = Vault XP
 C = Vault XP percentage of total XP
 D = Non-vault monster count
 E = Vault monster count
 F = Vault count percentage of total count
                 A         B        C        D         E       F
            +---------+---------+-------+---------+---------+-------
      Total |     475 |      61 |  11.4 |      69 |      11 |  13.8
            +---------+---------+-------+---------+---------+-------
        D:1 |      39 |       0 |   0.0 |      23 |       0 |   0.0
        D:2 |      81 |       0 |   0.0 |      26 |       0 |   0.0
        D:3 |      21 |      10 |  32.3 |       5 |       5 |  50.0
        D:4 |     334 |      51 |  13.2 |      15 |       6 |  28.6
            +---------+---------+-------+---------+---------+-------
